 Dungeon Crawl Stone Soup version 0.26-a0-682-g294304f6e8 (webtiles) character file.

Game seed: 10907938484987096974

153 Ijustatesigmund the Sneak (level 5, 0/28 HPs)
             Began as a Spriggan Brigand on Oct 21, 2020.
             Was an Initiate of Okawaru.
             Slain by a water moccasin (7 damage)
             ... in a sewer.
             The game lasted 00:05:52 (3220 turns).

Ijustatesigmund the Sneak (Spriggan Brigand)        Turns: 3220, Time: 00:05:53

Health: 0/28       AC:  3    Str:  7    XL:     5   Next: 12%
Magic:  6/6        EV: 20    Int: 18    God:    Okawaru [......]
Gold:   164        SH:  0    Dex: 19    Spells: 4/4 levels left

rFire    . . .     SeeInvis +   a - +2 dagger
rCold    . . .     Faith    .   (shield restricted)
rNeg     . . .     Spirit   .   b - +0 robe
rPois    .         Reflect  .   (helmet restricted)
rElec    .         Harm     .   c - +0 cloak
rCorr    .         Rampage  .   (gloves unavailable)
MR       .....                  (boots unavailable)
Stlth    +++.......             p - amulet of regeneration
HPRegen  0.49/turn              g - +6 ring of intelligence
MPRegen  0.10/turn              (no ring)

@: very quick
A: very small, unfitting armour, see invisible, speed 3
a: Renounce Religion


You were in a sewer.
You worshipped Okawaru.
Okawaru was noncommittal.
You visited 1 branch of the dungeon, and saw 3 of its levels.
You also visited: Sewer.

You collected 164 gold pieces.

Inventory:

Hand Weapons
 a - a +2 dagger (weapon)
Missiles
 d - 6 poisoned darts (quivered)
 e - 2 curare-tipped darts
 l - 3 atropa-tipped darts
Armour
 b - a +0 robe (worn)
 c - a +0 cloak (worn)
Jewellery
 g - a +6 ring of intelligence (left hand)
 p - an amulet of regeneration (around neck)
Scrolls
 j - 3 scrolls of fear
 m - 3 scrolls of remove curse
 o - a scroll of teleportation
 q - a scroll of enchant weapon {unknown}
Potions
 f - a potion of lignification
 i - 2 potions of haste {unknown}
 k - a potion of mutation {unknown}
 n - a potion of invisibility {unknown}


   Skills:
 + Level 2.8 Fighting
 + Level 3.8 Short Blades
 - Level 2.0 Throwing
 + Level 4.2 Dodging
 + Level 5.9 Stealth


You had 4 spell levels left.
You didn't know any spells.
Your spell library was empty.

Dungeon Overview and Level Annotations

Branches:
Dungeon (3/15)              Sewer (1/1)

Altars:
Okawaru
Uskayaw


Innate Abilities, Weirdness & Mutations

You are very small and have problems with some larger weapons.
You are too small for most types of armour.
You have supernaturally acute eyesight. (SInv)
You cover ground extremely quickly.


Message History

You hit the water moccasin.
The water moccasin is almost dead.
The water moccasin bites you but does no damage.
You hit the water moccasin.
The water moccasin is almost dead.
The water moccasin completely misses you.
You hit the water moccasin but do no damage.
The water moccasin is almost dead.
The water moccasin completely misses you.
You miss the water moccasin.
The water moccasin is almost dead.
The water moccasin barely misses you. x2
You barely miss the water moccasin.
The water moccasin is almost dead.
The water moccasin bites you!
* * * LOW HITPOINT WARNING * * *
You hit the water moccasin.
The water moccasin is almost dead.
The water moccasin bites you!
You die...

# # # # ########
## ###.≈..≈.### .#
###...≈..≈...###
.#
###.≈.≈≈####.@S.≈#
.###.....###
###≈..≈≈#
...≈≈≈≈.## #.≈.≈≈.
≈###....≈# .≈≈≈##
.# ###..≈≈.# ≈##.?
.# ###.≈.≈. ## ?
## ##... # ### #


You could see a water moccasin.

Vanquished Creatures
  Natasha (D:2)
  4 adders
  An ooze (D:1)
  A worm (D:2)
  2 dart slugs (D:1)
  4 leopard geckos
  5 bats
  10 giant cockroaches
  9 goblins
  7 hobgoblins
  2 jackals (Sewer)
  12 kobolds
  4 quokkas (D:2)
  5 frilled lizards
  6 rats
73 creatures vanquished.

Notes
Turn   | Place    | Note
-------+----------+-------------------------------------------
     0 | D:1      | Ijustatesigmund the Spriggan Brigand began the quest for
                  | the Orb.
     0 | D:1      | Reached XP level 1. HP: 10/10 MP: 2/2
   305 | D:1      | Reached XP level 2. HP: 15/15 MP: 3/3
   854 | D:1      | Reached XP level 3. HP: 18/18 MP: 4/4
  1784 | D:2      | Found an iron altar of Okawaru.
  1803 | D:2      | Became a worshipper of Warmaster Okawaru
  2292 | D:1      | Reached XP level 4. HP: 19/23 MP: 5/5
  2686 | D:2      | Noticed Natasha
  2719 | D:2      | Killed Natasha
  2892 | D:2      | Noticed a +0 dagger
  2894 | D:2      | Noticed a -2 dagger
  2926 | D:2      | Found a hide-covered altar of Uskayaw.
  3072 | D:3      | Reached XP level 5. HP: 27/27 MP: 6/6
  3085 | D:3      | Found a glowing drain.
  3140 | Sewer    | Entered a sewer
  3196 | Sewer    | Noticed a water moccasin
  3220 | Sewer    | Slain by a water moccasin

Illustrated notes

Levels and vault maps discovered:
D:1:      saegor_arrival_simple_b, layout_loops_corners
D:2:      layout_basic, lemuel_doored_altar, dancing_weapons_uskayaw,
          uniq_natasha
D:3:      layout_loops_corners, portal_sewer_entry_f, minmay_hedge_maze
Sewer:    sewer_the_moccasin

Skill      XL: |  1  2  3  4 |
---------------+-------------+-----
Dodging        | 2 3 4 |  4.2
Fighting       | 2 |  2.8
Short Blades   | 3 |  3.8
Throwing       | |  2.0
Stealth        | |  5.9

Action                   |  1- 3 |  4- 6 || total
-------------------------+-------+-------++-------
Melee: Dagger            |   149 |   130 ||   279
Throw: Dart              |     6 |     1 ||     7
  Use: Scroll            |     4 |     5 ||     9
       Potion            |       |     2 ||     2
 Stab: Sleeping          |    11 |     8 ||    19
       Distracted        |     1 |     2 ||     3
       Invisible         |     1 |       ||     1
Armor: Robe              |    13 |    14 ||    27
Dodge: Dodged            |    94 |    86 ||   180

Table legend: (Time is in decaauts)
 A = Elapsed time spent in this place.
 B = Non-inter-level travel time spent in this place.
 C = Inter-level travel time spent in this place.
 D = Time resting spent in this place.
 E = Time spent auto-exploring this place.
 F = Levels seen in this place.
 G = Mean time per level.
                   A        B        C        D        E       F      G
               +--------+--------+--------+--------+--------+-----+--------+
         Total |   2521 |   2450 |     71 |    544 |   1350 |   4 |  630.2 |
       Dungeon |   2461 |   2390 |     71 |    544 |   1327 |   3 |  820.3 |
         Sewer |     59 |     59 |      0 |      0 |     23 |   1 |   59.0 |
               +--------+--------+--------+--------+--------+-----+--------+

Top non-repeatable levels by time:
     D:1: 1632 daAuts
     D:2: 702 daAuts
     D:3: 126 daAuts
   Sewer: 59 daAuts
